 Dungeon Crawl Stone Soup version 0.25-a0-842-g81a31cfd23 (webtiles) character file.

Game seed: 931735946870678763, levelgen mode: deterministic

96 Conn the Firebug (level 4, -1/27 HPs)
             Began as an Octopode Fire Elementalist on Apr 23, 2020.
             Slain by a scorpion (9 damage)
             ... on level 4 of the Dungeon.
             The game lasted 00:05:49 (2343 turns).

Conn the Firebug (Octopode Fire Elementalist)       Turns: 2343, Time: 00:05:50

Health: -1/27      AC:  1    Str: 10    XL:     4   Next: 67%
Magic:  5/8        EV: 13    Int: 18    God:
Gold:   139        SH:  0    Dex: 12    Spells: 7/8 levels left

rFire    . . .     SeeInvis .   h - +0 short sword
rCold    . . .     Gourm    .   (no shield)
rNeg     . . .     Faith    .   (helmet restricted)
rPois    .         Spirit   .   (no amulet)
rElec    .         Reflect  .   j - +3 ring of strength
rCorr    .         Harm     .   (no ring)
MR       .....                  (no ring)
Stlth    +++.......             (no ring)
HPRegen  0.09/turn              (no ring)
MPRegen  0.11/turn              (no ring)
                                (no ring)
                                (no ring)

@: no status effects
A: almost no armour, stealthy swim, amphibious, 8 rings, constrict 8, camouflage
1, gelatinous body 1
a: no special abilities


You were on level 4 of the Dungeon.
You were not hungry.

You visited 1 branch of the dungeon, and saw 4 of its levels.

You collected 139 gold pieces.

Inventory:

Hand Weapons
 d - a +2 vorpal spear
 h - a +0 short sword (weapon)
Missiles
 k - 3 datura-tipped darts (quivered)
Jewellery
 j - a +3 ring of strength (left tentacle)
Scrolls
 e - 3 scrolls of identify {unknown}
 f - a scroll of blinking {unknown}
 i - a scroll of immolation {unknown}
 l - a scroll of enchant weapon {unknown}
 n - a scroll of amnesia {unknown}
 o - a scroll of enchant armour {unknown}
Potions
 a - a potion of lignification {unknown}
 c - a potion of invisibility
 g - 2 potions of curing {unknown}
 m - a potion of flight {unknown}
 p - a potion of magic {unknown}
 q - a potion of might {unknown}
 s - a potion of berserk rage {unknown}
Comestibles
 b - 4 rations
 r - 5 chunks of flesh


   Skills:
 + Level 0.1 Fighting
 + Level 2.2 Dodging
 + Level 3.2 Stealth
 + Level 2.8 Spellcasting
 + Level 1.8 Conjurations
 + Level 4.1 Fire Magic


You had 7 spell levels left.
You knew the following spells:

 Your Spells              Type           Power        Failure   Level  Hunger
a - Foxfire               Conj/Fire      ##..         4%          1    None

Your spell library contained the following spells:

 Spells                   Type           Power        Failure   Level  Hunger
 Conjure Flame            Conj/Fire      ##......     14%         3    ###....
 Inner Flame              Hex/Fire       #.......     22%         3    ###....
 Sticky Flame             Conj/Fire      ##......     43%         4    ####...
 Fireball                 Conj/Fire      ##........   80%         5    ######.


Dungeon Overview and Level Annotations

Branches:
Dungeon (4/15)
 Temple: D:4-7

Altars:
Ashenzari
Dithmenos
Nemelex Xobeh
Trog


Innate Abilities, Weirdness & Mutations

You cannot wear most types of armour.
You are very stealthy in the water. (Stealth+)
You are amphibious.
You can wear up to eight rings at the same time.
You can use your tentacles to constrict eight enemies at once.
Your skin changes colour to match your surroundings (Stealth+).
Your rubbery body absorbs attacks. (AC +1, EV +1)


Message History

The scorpion is moderately wounded.
The orc throws a stone.
The stone barely misses you.
The foxfire hits the scorpion but does no damage.
The scorpion is moderately wounded.
The foxfire hits the scorpion.
The scorpion is heavily wounded.
The orc throws a stone.
The stone closely misses you.
Unknown command.
Casting: Foxfire (safe; 4% risk of failure)
Confirm with . or Enter, or press ? or * to list all spells.
You conjure some foxfire!
The scorpion stings you!
The foxfire hits the scorpion.
The scorpion is heavily wounded.
The foxfire hits the scorpion.
The scorpion is severely wounded.
The scorpion stings you!
* * * LOW HITPOINT WARNING * * *
The orc throws a stone.
The stone hits you but does no damage. The scorpion stings you!
You die...

#. #.# #.#
#.# .. #.#
####o##.##
.........#
.........#
.........#
#s(# #
#@## ###
#.# ..#
#.#
#.######
#.#
#......##
#.#
######..#
#.# ##.##
#.# #..###
#.#
##...##
#.#


You could see a scorpion and an orc.

Vanquished Creatures
  2 worker ants
  3 dart slugs
  A giant cockroach (D:3)
  8 goblins
  5 hobgoblins
  7 kobolds
  3 ball pythons
  4 bats
  5 frilled lizards
  5 rats
43 creatures vanquished.

Vanquished Creatures (others)
  108 foxfires
108 creatures vanquished.

Grand Total: 151 creatures vanquished

Notes
Turn   | Place    | Note
-------+----------+-------------------------------------------
     0 | D:1      | Conn the Octopode Fire Elementalist began the quest for the
                  | Orb.
     0 | D:1      | Reached XP level 1. HP: 11/11 MP: 3/3
    64 | D:1      | Reached XP level 2. HP: 17/17 MP: 0/5
   553 | D:1      | Reached XP level 3. HP: 21/21 MP: 3/6
   777 | D:2      | Found a shattered altar of Ashenzari.
   914 | D:2      | Found a bloodstained altar of Trog.
   914 | D:2      | Found a shadowy altar of Dithmenos.
  1866 | D:3      | Reached XP level 4. HP: 11/27 MP: 0/8
  1868 | D:3      | Reached skill level 4 in Fire Magic
  2092 | D:3      | Found a sparkling altar of Nemelex Xobeh.
  2343 | D:4      | Slain by a scorpion

Levels and vault maps discovered:
D:1:      dpeg_arrival_stone_temple_mockup, layout_basic, serial_curves,
          eino_curves_04, eino_curves_02, eino_curves_01, minmay_pentomino_p2
D:2:      layout_basic, gammafunk_temple_overflow_wave, serial_co_window_serial,
          co_window_corner_a, co_window_paths_a, co_window_paths_a,
          co_window_paths_b, co_window_of_opportunity_a, co_window_broadway_b,
          co_window_of_opportunity_b, co_window_of_opportunity_c,
          co_window_corner_b, co_window_of_opportunity_c, glass_columns_a,
          glass_columns_c, glass_columns_b, glass_columns_c, glass_columns_b,
          ashenzari_altar_1
D:3:      layout_rooms, nemelex_altar_shiori
D:4:      layout_rooms, temple_fountains, grunt_ministairs_8, tso_metal_star,
          uniq_pikel

Skill      XL: |  1  2  3  4 |
---------------+-------------+-----
Stealth        | 3 |  3.2
Fire Magic     | 4 |  4.1
Fighting       | |  0.1
Dodging        | |  2.2
Spellcasting   | |  2.8
Conjurations   | |  1.8

Action                   |  1- 3 |  4- 6 || total
-------------------------+-------+-------++-------
Melee: Short sword       |     6 |     5 ||    11
       Constrict         |     2 |     2 ||     4
       Tentacles         |     1 |     1 ||     2
 Cast: Foxfire           |    50 |    12 ||    62
  Use: Potion            |     1 |       ||     1
 Stab: Sleeping          |     1 |     1 ||     2
  Eat: Chunk             |     3 |     2 ||     5
Armor: Skin              |       |     6 ||     6
Dodge: Dodged            |    21 |     9 ||    30

Table legend:
 A = Non-vault XP
 B = Vault XP
 C = Vault XP percentage of total XP
 D = Non-vault monster count
 E = Vault monster count
 F = Vault count percentage of total count
                 A         B        C        D         E       F
            +---------+---------+-------+---------+---------+-------
      Total |     135 |       3 |   2.2 |      41 |       2 |   4.7
            +---------+---------+-------+---------+---------+-------
        D:1 |      38 |       3 |   7.3 |      21 |       2 |   8.7
        D:2 |      10 |       0 |   0.0 |       5 |       0 |   0.0
        D:3 |      53 |       0 |   0.0 |      14 |       0 |   0.0
        D:4 |      34 |       0 |   0.0 |       1 |       0 |   0.0
            +---------+---------+-------+---------+---------+-------
